 Dungeon Crawl Stone Soup version 0.27.0-1-g7a089689b8 (webtiles) character file.

Game seed: 9110601708535983859

32 ZARRMARR the Firebug (level 3, -4/20 (24) HPs)
             Began as a Human Fire Elementalist on Aug 13, 2021.
             Slain by Terence (6 damage)
             ... on level 2 of the Dungeon.
             The game lasted 00:06:33 (1369 turns).

ZARRMARR the Firebug (Human Fire Elementalist)      Turns: 1369, Time: 00:06:33

HP:   -4/20 (24)    AC:  3    Str:  8    XL:     3   Next: 42%
MP:   0/6           EV: 12    Int: 16    God:
Gold: 32            SH:  0    Dex: 13    Spells: 5/6 levels left

rFire    . . .     SeeInvis .   (no weapon)
rCold    . . .     Faith    .   (no shield)
rNeg     . . .     Spirit   .   a - +0 robe
rPois    .         Reflect  .   h - +0 helmet
rElec    .         Harm     .   (no cloak)
rCorr    .         Rampage  .   (no gloves)
Will     .....                  (no boots)
Stlth    ++........             (no amulet)
HPRegen  0.06/turn              (no ring)
MPRegen  0.10/turn              (no ring)

@: heavily drained
A: no striking features
a: no special abilities


You were on level 2 of the Dungeon.
You visited 1 branch of the dungeon, and saw 2 of its levels.

You collected 32 gold pieces.

Inventory:

Armour
 a - a +0 robe (worn)
 h - a +0 helmet (worn)
Jewellery
 i - an amulet of faith
Scrolls
 b - a scroll of blinking {unknown}
 d - a scroll of teleportation
 g - a scroll of vulnerability
Potions
 c - a potion of attraction {unknown}
 e - a potion of berserk rage {unknown}
 f - a potion of degeneration {unknown}


   Skills:
 + Level 0.1 Fighting
 + Level 2.0 Dodging
 + Level 2.0 Stealth
 + Level 2.1 Spellcasting
 + Level 1.1 Conjurations
 + Level 4.0 Fire Magic


You had 5 spell levels left.
You knew the following spells:

 Your Spells              Type           Power      Damage    Failure   Level
a - Foxfire               Conj/Fire      36%        2x1d5     7%          1

Your spell library contained the following spells:

 Spells                   Type           Power      Damage    Failure   Level
 Conjure Flame            Conj/Fire      9%         6-21      22%         3
 Inner Flame              Hex/Fire       8%         N/A       26%         3
 Sticky Flame             Conj/Fire      9%         2d3       56%         4
 Fireball                 Conj/Fire      4%         3d4       89%         5


Dungeon Overview and Level Annotations

Branches:
Dungeon (2/15)

Altars:
Xom

Shops:
D:1 [

Annotations:
D:2 Terence


Message History

Terence is heavily wounded.
Terence hits you with a +2 short sword of draining!
You feel drained.
Casting: Foxfire (safe; 7% risk of failure)
Confirm with . or Enter, or press ? or * to list all spells.
You conjure some foxfire!
Terence hits you with a +2 short sword of draining.
You feel drained.
You hit Terence but do no damage.
Terence is heavily wounded.
The foxfire hits Terence but does no damage.
Terence is heavily wounded.
The foxfire hits Terence but does no damage.
Terence is heavily wounded.
Terence misses you.
Casting: Foxfire (safe; 7% risk of failure)
Confirm with . or Enter, or press ? or * to list all spells.
You don't have enough magic to cast this spell.
Terence hits you with a +2 short sword of draining.
* * * LOW HITPOINT WARNING * * *
You feel drained.
* * * LOW HITPOINT WARNING * * *
Terence barely misses you.
There is a stone staircase leading up here.
Casting: Foxfire (safe; 7% risk of failure)
Confirm with . or Enter, or press ? or * to list all spells.
You conjure some foxfire!
Terence closely misses you.
Terence is nearby!
The foxfire hits Terence but does no damage.
Terence is moderately wounded.
The foxfire hits Terence but does no damage.
Terence is moderately wounded.
Terence looks scornfully at you.
You hit Terence but do no damage.
Terence is moderately wounded.
Terence barely misses you.
You hit Terence but do no damage.
Terence is moderately wounded.
Terence hits you with a +2 short sword of draining.
You die...

##.........#..# #.......##
...##...####..# #.#######
##.##...#.#...####.########
#.##).....................
..
#.######.#.######.########
#. #.# ##.#.# #. #.#
##....# #@ #.####.....#
###### #. #.......@@.#
...... # #ยง #..###..<..#
###### #.##.##..# ##...##
##........# ##.##
.........## #.# #####.####
... #. #.## .. #.# #.. #.#


You could see Terence.

Vanquished Creatures
  2 dart slugs (D:1)
  5 endoplasms
  A giant cockroach (D:1)
  2 goblins (D:1)
  5 hobgoblins (D:1)
  3 jackals (D:1)
  A quokka (D:1)
  3 frilled lizards
  A rat (D:1)
23 creatures vanquished.

Vanquished Creatures (others)
  80 foxfires
80 creatures vanquished.

Grand Total: 103 creatures vanquished

Notes
Turn   | Place    | Note
-------+----------+-------------------------------------------
     0 | D:1      | ZARRMARR the Human Fire Elementalist began the quest for
                  | the Orb.
     0 | D:1      | Reached XP level 1. HP: 13/13 MP: 3/3
    98 | D:1      | Reached XP level 2. HP: 13/19 MP: 0/5
   203 | D:1      | Found Yjubov's Armour Emporium.
   571 | D:1      | Reached XP level 3. HP: 20/24 MP: 3/6
  1167 | D:2      | Found a shimmering altar of Xom.
  1177 | D:2      | Reached skill level 4 in Fire Magic
  1340 | D:2      | Noticed Terence
  1358 | D:2      | HP: 1/20 [Terence (2)]
  1369 | D:2      | Slain by Terence

Illustrated notes

Levels and vault maps discovered:
D:1:      lightli_arrival_farm, layout_basic, serial_shops,
          nicolae_shop_crystal, hex_medium, minmay_tetromino_s4
D:2:      layout_loops_ring, ebering_ecumenical_altar_ruins, basic_altar,
          minmay_diced_spiral, uniq_terence

Skill      XL: |  1  2  3 |
---------------+----------+-----
Fire Magic     | 4 |  4.0
Fighting       | |  0.1
Dodging        | |  2.0
Stealth        | |  2.0
Spellcasting   | |  2.1
Conjurations   | |  1.1

Action                   || total
-------------------------++-------
Melee: Unarmed           ||    16
 Cast: Foxfire           ||    48
  Use: Scroll            ||     2
Armor: Robe              ||     2
Dodge: Dodged            ||    15
